AoeStats
← Dragon

Arena

506435868Analyzed
1v1 RM · 19d ago on Sep 13, 2026· 26m 10s· 2 players
Game mode
Random Map
Map size
Tiny (2 player)
Population
200
Speed
Normal
Resources
Standard
Victory
Conquest
Starting age
Dark Age
Ending age
Imperial Age
RankedLock teamsTeams togetherTeam positionsShared explorationLock speedFull tech treeHidden civsTurbo modeCheats
Victory
Defeat
🇩🇪 Turks · Germany
1241
+15
1228
-15
秦心酱是最强的
7:31 Loom
8:14 Loom
11:11 Feudal Age
13:05 Wheelbarrow
16:11 Castle Age
14:50 Double-Bit Axe
Dragon
10:23 Feudal Age
12:15 Feudal Age
16:57 Castle Age
16:11 Double-Bit Axe
16:24 Gold Mining
21:23 Imperial Age
19:22 Loom
24:13 Bow Saw
24:48 Padded Archer Armor
Connection lost

Rejoining the realm…

Still unreachable

The connection could not be restored.

Session expired

The server has moved on; the page needs a fresh start.